 Dungeon Crawl Stone Soup version 0.23.2-40-g277498a001 (webtiles) character file.

Game seed: 13693586326395814544

84 Exodus22XD the Conjurer (level 4, 0/24 HPs)
             Began as a Deep Elf Wizard on Sept 19, 2019.
             Slain by a worm (10 damage)
             ... on level 2 of the Dungeon.
             The game lasted 00:04:03 (1878 turns).

Exodus22XD the Conjurer (Deep Elf Wizard)           Turns: 1878, Time: 00:04:04

Health: 0/24       AC:  4    Str:  4    XL:     4   Next: 23%
Magic:  5/12       EV: 13    Int: 24    God:
Gold:   105        SH:  0    Dex: 13    Spells: 10/11 levels left

rFire    . . .     SeeInvis +   i - +0 mace
rCold    . . .     Gourm    .   (no shield)
rNeg     . . .     Faith    .   a - +0 robe
rPois    .         Spirit   .   h - +0 helmet
rElec    .         Reflect  .   f - +0 cloak
rCorr    .         Harm     .   (no gloves)
MR       .....                  (no boots)
Stlth    ++........             (no amulet)
HPRegen  0.08/turn              g - ring of see invisible
MPRegen  0.13/turn              (no ring)

@: very slightly contaminated
A: no striking features
a: no special abilities


You were on level 2 of the Dungeon.
You were not hungry.

You visited 1 branch of the dungeon, and saw 2 of its levels.

You collected 105 gold pieces.

Inventory:

Hand Weapons
 i - a +0 mace (weapon)
Armour
 a - a +0 robe (worn)
 b - a +0 hat
 f - a +0 cloak (worn)
 h - a +0 helmet (worn)
Jewellery
 g - a ring of see invisible (left hand)
Scrolls
 e - 4 scrolls of teleportation {unknown}
 j - 2 scrolls of identify {unknown}
 m - a scroll of immolation {unknown}
Potions
 c - a potion of might {unknown}
 k - a potion of ambrosia {unknown}
 n - 2 potions of curing {unknown}
 o - a potion of haste {unknown}
Comestibles
 d - 4 rations
 l - 2 chunks of flesh


   Skills:
 - Level 2.4 Dodging
 - Level 2.4 Stealth
 - Level 4.4 Spellcasting
 * Level 4.6 Conjurations
   Level 1.1 Summonings
   Level 1.1 Translocations


You had 10 spell levels left.
You knew the following spells:

 Your Spells              Type           Power        Failure   Level  Hunger
a - Magic Dart            Conj           ####         1%          1    None

Your spell library contained the following spells:

 Spells                   Type           Power        Failure   Level  Hunger
 Blink                    Tloc           N/A          9%          2    None
 Call Imp                 Summ           ##......     9%          2    None
 Conjure Flame            Conj/Fire      ###.....     11%         3    ##.....
 Slow                     Hex            #.......     14%         2    None
 Mephitic Cloud           Conj/Pois/Air  ##......     16%         3    ##.....


Dungeon Overview and Level Annotations

Branches:
Dungeon (2/15)

Altars:


Message History

You miscast Magic Dart.
You are very lightly contaminated with residual magic.
Wisps of smoke drift from your hands.
Casting: Magic Dart (safe; 1% risk of failure)
Confirm with . or Enter, or press ? or * to list all spells.
Aiming: Magic Dart (safe; 1% risk of failure)
Press: ? - help, Shift-Dir - straight line, f/p - worm
Aim: a worm (almost dead)
The magic dart hits the worm but does no damage.
The worm is almost dead.
The worm bites you!
Casting: Magic Dart (safe; 1% risk of failure)
Confirm with . or Enter, or press ? or * to list all spells.
Aiming: Magic Dart (safe; 1% risk of failure)
Press: ? - help, Shift-Dir - straight line, f/p - worm
Aim: a worm (severely wounded)
The magic dart hits the worm but does no damage.
The worm is severely wounded.
The worm bites you!
You die...

#....
#....
#....
#....
########
#....
#......#
##### #.#
#w# #@###
#...#
###.# #.#
#.# #.#
#(#
#.#######
#.......#
#####


You could see a worm.

Vanquished Creatures
  3 adders (D:2)
  2 worms (D:2)
  2 dart slugs
  3 leopard geckos
  A ball python (D:2)
  2 giant cockroaches
  4 goblins
  4 hobgoblins
  7 bats
  9 frilled lizards
  5 kobolds
  5 rats
47 creatures vanquished.

Notes
Turn   | Place    | Note
-------+----------+-------------------------------------------
     0 | D:1      | Exodus22XD the Deep Elf Wizard began the quest for the Orb.
     0 | D:1      | Reached XP level 1. HP: 10/10 MP: 7/7
   199 | D:1      | Reached XP level 2. HP: 15/15 MP: 3/9
   942 | D:2      | Reached XP level 3. HP: 18/19 MP: 6/10
  1297 | D:2      | Reached XP level 4. HP: 24/24 MP: 10/12
  1878 | D:2      | Slain by a worm

Skill      XL: |  1  2  3 |
---------------+----------+-----
Conjurations   | 2 3 4 |  4.6
Dodging        | |  2.4
Stealth        | |  2.4
Spellcasting   | |  4.4
Summonings     | |  1.1
Translocations | |  1.1

Action                   |  1- 3 |  4- 6 || total
-------------------------+-------+-------++-------
Melee: Mace              |     1 |       ||     1
 Cast: Magic Dart        |    73 |    27 ||   100
  Eat: Chunk             |     1 |     2 ||     3
Armor: Robe              |     1 |     1 ||     2
Dodge: Dodged            |     9 |     5 ||    14
